 Dungeon Crawl Stone Soup version 0.31-a0-167-g1c394c0614 (webtiles) character file.

Game seed: 16588872147087870033

1781 qw the Skirmisher (level 9, -8/57 HPs)
             Began as a Gargoyle Hunter on June 14, 2023.
             Mangled by an orc warrior
             ... wielding a +0 long sword
              (11 damage)
             ... on level 6 of the Dungeon.
             The game lasted 00:01:50 (4917 turns).

qw the Skirmisher (Gargoyle Hunter)                 Turns: 4917, Time: 00:01:51

Health: -8/57      AC: 14    Str: 16    XL:     9   Next: 8%
Magic:  9/9        EV: 11    Int:  9    God:
Gold:   155        SH:  0    Dex: 17    Spells: 8/8 levels left

rFire   + . .        f - +2 orcbow
rCold   . . .        (shield currently unavailable)
rNeg    + . .        d - +0 ring mail
rPois   inf          (no helmet)
rElec   +            (no cloak)
rCorr   .            i - +1 pair of gloves
SInv    .            (no boots)
Will    .....        (no amulet)
Stlth   +            k - ring of protection from fire
HPRegen 0.29/turn    (no ring)
MPRegen 0.11/turn

%: no passive effects
@: about to teleport
A: sickness immunity, AC +6, negative energy resistance 1, electricity
resistance, torment resistance 1, petrification resistance
a: no special abilities


You were on level 6 of the Dungeon.
You visited 2 branches of the dungeon, and saw 7 of its levels.

You collected 292 gold pieces.
You spent 137 gold pieces at shops.


Innate Abilities, Weirdness & Mutations

You are immune to sickness and miasma.
Your stone body is resilient. (AC +6)
You are immune to poison.
You resist negative energy. (rN+)
You are resistant to electric shocks. (rElec)
You are resistant to unholy torment.
You are immune to petrification.


   Skills:
 - Level 7.1 Fighting
 + Level 10.0 Ranged Weapons
 - Level 2.3 Armour
 - Level 2.0 Dodging
 - Level 1.1 Stealth


You had 8 spell levels left.
You didn't know any spells.
Your spell library was empty.

Inventory:

Hand Weapons
 f - a +2 orcbow (weapon)
Armour
 d - a +0 ring mail (worn)
 e - a +0 helmet
 i - a +1 pair of gloves (worn)
Jewellery
 g - a ring of ice
 h - a ring of protection from cold
 k - a ring of protection from fire (left hand)
Scrolls
 a - 3 scrolls of identify
 j - a scroll of teleportation
Potions
 b - a potion of magic
 c - a potion of attraction
 l - a potion of haste
 m - a potion of curing
 n - a potion of enlightenment {unknown}

Dungeon Overview and Level Annotations

Branches:
Dungeon (6/15)             Temple (1/1) D:4

Altars:
Ashenzari
Cheibriados
Elyvilon
Fedhas
Hepliaklqana
Kikubaaqudgha
Sif Muna
Trog
Uskayaw
Vehumet
Wu Jian
Xom
Yredelemnul

Shops:
D:3 ?


Message History

The bullfrog zombie barely misses you.
The shadow imp sputters.
The shadow imp closely misses you.
An orc comes into view. It is wielding a +0 club.
You shoot an arrow. The orc shouts!
The arrow hits the bullfrog skeleton!
The bullfrog skeleton is severely damaged.
You hear a shout!
The bullfrog skeleton misses you. The bullfrog zombie closely misses you.
The shadow imp barely misses you.
You shoot an arrow. The arrow hits the bullfrog skeleton!
You destroy the bullfrog skeleton!
The bullfrog zombie hits you. The shadow imp hits you.
Your Fighting skill increases to level 7!
You shoot an arrow.
The arrow barely misses the orc warrior.
The shadow imp closely misses you.
A wight comes into view. It is wielding a +0 dagger.
You shoot an arrow.
The arrow closely misses the orc warrior.
The bullfrog zombie completely misses you.
An orc comes into view. It is wielding a +0 flail of venom.
The orc warrior hits you with a +0 long sword.
The shadow imp closely misses you.
You shoot an arrow.
The arrow hits the orc warrior but does no damage.
The bullfrog zombie hits you but does no damage.
The orc warrior hits you with a +0 long sword.
The shadow imp barely misses you.
4916 ||| READING 2 scrolls of teleportation.
As you read the scroll of teleportation, it crumbles to dust.
You feel strangely unstable.
A wight comes into view.
It is wielding a +1 great sword of freezing.
The shadow imp barely misses you.
The orc warrior hits you with a +0 long sword!
You shoot an arrow. The arrow closely misses the wight.
The wight hits you with a +1 hand axe.
The orc warrior hits you with a +0 long sword!
You die...

.# #.... #......# ..
.....##### #......#
#
....o....####......#
...).z.............#
¤..................#
¤.....ZoZ..........#
¤?....o5z........#
#@....)....#
#......)...#######
##.##.###..)......
#..##....>########
.P..######.# #P.8..#
..# #.8P.## ####
..8..P .......


You could see an orc warrior, 2 wights, a shadow imp, 2 orcs and 2 bullfrog
zombies.

Vanquished Creatures
  Pikel (D:4)
  A black bear (D:4)
  An ice beast (D:5)
  2 ogres
  A lemure (D:4)
  2 phantoms (D:6)
  A centaur (D:5)
  A bullfrog (D:5)
  2 scorpions
  A howler monkey (D:5)
  An orc priest (D:6)
  2 hounds (D:5)
  A bullfrog skeleton (D:6)
  6 iguanas
  2 orc wizards
  A killer bee zombie (D:6)
  A howler monkey zombie (D:6)
  6 adders
  A howler monkey skeleton (D:6)
  A white imp (D:6)
  2 worms
  A dart slug (D:4)
  9 orcs
  2 endoplasms
  7 giant cockroaches
  8 goblins
  12 hobgoblins
  8 kobolds
  10 quokkas
  13 ball pythons
  3 bats (D:1)
  6 rats
116 creatures vanquished.

Notes
Turn   | Place    | Note
-------+----------+-------------------------------------------
     0 | D:1      | qw the Gargoyle Hunter began the quest for the Orb.
     0 | D:1      | Reached XP level 1. HP: 12/12 MP: 1/1
     0 | D:1      | 0 ||| qw: Version: 0.2-a-29-g1fa15c8
     0 | D:1      | 0 ||| qw: Game counter: 4872
     0 | D:1      | 0 ||| qw: Always use a shield: true
     0 | D:1      | 0 ||| qw: God list: Okawaru
     0 | D:1      | 0 ||| qw: Allow faded altars: false
     0 | D:1      | 0 ||| qw: Do Orc after D:15 true
     0 | D:1      | 0 ||| qw: Do second Lair branch before Depths: true
     0 | D:1      | 0 ||| qw: Lair rune preference: random
     0 | D:1      | 0 ||| qw: Plans: Normal, Zot:1-4, Slime:5, God:TSO, Crypt,
                  | Tomb, Abyss, Pan, Hells, Win
     0 | D:1      | 0 ||| PLANNING D:1-11
   128 | D:1      | Reached XP level 2. HP: 17/17 MP: 2/2
   346 | D:1      | HP: 4/17 [constriction (1)]
   348 | D:1      | HP: 1/17 [hobgoblin (3)]
   580 | D:1      | Reached XP level 3. HP: 20/21 MP: 3/3
   719 | D:1      | Reached skill level 5 in Ranged Weapons
   808 | D:1      | 808 ||| DROPPING ring of wizardry.
   809 | D:1      | 809 ||| READING scroll labelled NOISUG RUKAHOE.
   810 | D:1      | 810 ||| READING scroll labelled LEIKIR VEATI.
   911 | D:1      | 911 ||| READING scroll labelled WOFAVVEUVI.
   912 | D:1      | 912 ||| READING scroll labelled CYZEGA IZIJU.
   930 | D:1      | 930 ||| READING scroll labelled DOOGIST QEBODGHA.
   931 | D:1      | 931 ||| DROPPING scroll of butterflies.
  1041 | D:2      | Reached skill level 3 in Fighting
  1041 | D:2      | Reached XP level 4. HP: 28/28 MP: 4/4
  1682 | D:2      | 1682 ||| UPGRADING to +0 ring mail.
  1692 | D:2      | 1692 ||| DROPPING +0 leather armour.
  1693 | D:2      | 1693 ||| READING scroll labelled INAWIRO OTOGA.
  1717 | D:3      | Found a faded altar of an unknown god.
  1738 | D:3      | Reached skill level 1 in Armour
  1746 | D:3      | Reached XP level 5. HP: 24/32 MP: 5/5
  1757 | D:3      | HP: 7/32 [something (3)]
  2345 | D:3      | Found Cilitied's Magic Scroll Shoppe.
  2352 | D:3      | 2352 ||| BUYING scroll of enchant weapon (82 gold).
  2352 | D:3      | Bought a scroll of enchant weapon for 82 gold pieces
  2352 | D:3      | 2352 ||| BUYING scroll of identify (22 gold).
  2352 | D:3      | Bought a scroll of identify for 22 gold pieces
  2352 | D:3      | 2352 ||| BUYING scroll of teleportation (33 gold).
  2352 | D:3      | Bought a scroll of teleportation for 33 gold pieces
  2352 | D:3      | 2352 ||| READING scroll of enchant weapon.
  2352 | D:3      | 2352 ||| ENCHANTING +0 shortbow.
  2437 | D:3      | Reached skill level 6 in Ranged Weapons
  2673 | D:3      | 2673 ||| UPGRADING to +0 pair of gloves.
  2678 | D:3      | 2678 ||| UPGRADING to ring of protection from fire.
  2679 | D:3      | 2679 ||| READING 2 scrolls labelled ACZEURPH TYLUACW.
  2680 | D:3      | 2680 ||| READING scroll of enchant armour.
  2680 | D:3      | 2680 ||| ENCHANTING +0 pair of gloves.
  2681 | D:3      | 2681 ||| READING scroll labelled BIAGICZ WAOL.
  2682 | D:3      | 2682 ||| READING scroll labelled TEKAMO IWINYIM.
  2683 | D:3      | 2683 ||| READING scroll labelled HOJIEBRECRASTRA.
  2684 | D:3      | 2684 ||| DRINKING 2 viscous puce potions.
  2685 | D:3      | 2685 ||| READING 2 scrolls of identify.
  2685 | D:3      | 2685 ||| IDENTIFYING fizzy ruby potion
  2686 | D:3      | 2686 ||| DROPPING potion of brilliance.
  2891 | D:4      | Reached XP level 6. HP: 39/39 MP: 6/6
  2891 | D:4      | Found a staircase to the Ecumenical Temple.
  2892 | D:4      | 2892 ||| PLANNING TEMPLE
  2901 | Temple   | Entered the Ecumenical Temple
  2974 | Temple   | 2974 ||| PLANNING D:1-11
  3028 | D:4      | Noticed Pikel
  3042 | D:4      | HP: 8/39 [lemure[Pikel] (7)]
  3043 | D:4      | 3043 ||| READING 2 scrolls of teleportation.
  3044 | D:4      | 3044 ||| DRINKING potion of heal wounds.
  3047 | D:4      | 3047 ||| FLEEEEING.
  3048 | D:4      | 3048 ||| FLEEEEING.
  3049 | D:4      | 3049 ||| FLEEEEING.
  3050 | D:4      | 3050 ||| FLEEEEING.
  3051 | D:4      | 3051 ||| FLEEEEING.
  3052 | D:4      | 3052 ||| FLEEEEING.
  3067 | D:4      | Killed Pikel
  3068 | D:4      | Reached skill level 8 in Ranged Weapons
  3068 | D:4      | Reached XP level 7. HP: 13/44 MP: 7/7
  3772 | D:4      | 3772 ||| DRINKING 2 sedimented black potions.
  3796 | D:5      | Entered Level 5 of the Dungeon
  3802 | D:5      | Reached XP level 8. HP: 50/50 MP: 8/8
  3940 | D:5      | Reached skill level 9 in Ranged Weapons
  4273 | D:5      | Reached skill level 6 in Fighting
  4300 | D:5      | 4300 ||| UPGRADING to +0 orcbow.
  4301 | D:5      | 4301 ||| DROPPING +1 shortbow of draining.
  4302 | D:5      | 4302 ||| READING 2 scrolls of enchant weapon.
  4302 | D:5      | 4302 ||| ENCHANTING +0 orcbow.
  4303 | D:5      | 4303 ||| READING scroll of enchant weapon.
  4303 | D:5      | 4303 ||| ENCHANTING +1 orcbow.
  4307 | D:5      | Found a snail-covered altar of Cheibriados.
  4689 | D:5      | 4689 ||| DRINKING 2 grey potions.
  4690 | D:5      | 4690 ||| READING 6 scrolls of identify.
  4690 | D:5      | 4690 ||| IDENTIFYING fizzy sapphire potion
  4691 | D:5      | 4691 ||| READING 5 scrolls of identify.
  4691 | D:5      | 4691 ||| IDENTIFYING metallic cyan potion
  4692 | D:5      | 4692 ||| READING 4 scrolls of identify.
  4692 | D:5      | 4692 ||| IDENTIFYING coppery potion
  4693 | D:5      | 4693 ||| DROPPING potion of degeneration.
  4806 | D:6      | Reached skill level 10 in Ranged Weapons
  4878 | D:6      | Reached XP level 9. HP: 54/56 MP: 9/9
  4915 | D:6      | HP: 12/57 [orc warrior/+0 long sword (3)]
  4916 | D:6      | 4916 ||| READING 2 scrolls of teleportation.
  4916 | D:6      | HP: 4/57 [orc warrior/+0 long sword (8)]
  4917 | D:6      | Mangled by an orc warrior

Levels and vault maps discovered:
D:1:      ldierk_walled_garden_2, layout_loops_ring
D:2:      layout_basic, minmay_bisected
D:3:      layout_loops_corners, serial_shops, shop, nicolae_ecumenical_pavilion
D:4:      layout_gridville, minmay_temple_entry_poolview, uniq_pikel
D:5:      layout_basic, lemuel_tele_altar, minmay_fractal_squares_5
D:6:      layout_basic, serial_undead, serial_undead_c, serial_undead_a,
          serial_undead_b, serial_undead_d, serial_undead_a, serial_undead_a,
          serial_undead_c, uniq_edmund
Temple:   nicolae_temple_hex_pool

Skill      XL: |  1  2  3  4  5  6  7  8  9 |
---------------+----------------------------+-----
Ranged Weapons | 5 6 8 10 | 10.0
Fighting       | 3 4 5 6 7 |  7.1
Armour         | 1 2 |  2.3
Dodging        | 2 |  2.0
Stealth        | |  1.1

Action                     |  1- 3 |  4- 6 |  7- 9 || total
---------------------------+-------+-------+-------++-------
   Fire: Shortbow          |    81 |   181 |    77 ||   339
         Orcbow            |       |       |    94 ||    94
    Use: Scroll            |     5 |     9 |     6 ||    20
         Potion            |       |     2 |     2 ||     4
 Armour: Leather armour    |    15 |     4 |       ||    19
         Ring mail         |       |    58 |    50 ||   108
  Dodge: Dodged            |    23 |    90 |    65 ||   178

Table legend:
 A = Non-vault XP
 B = Vault XP
 C = Vault XP percentage of total XP
 D = Non-vault monster count
 E = Vault monster count
 F = Vault count percentage of total count
                 A         B        C        D         E       F
            +---------+---------+-------+---------+---------+-------
      Total |    1439 |    1106 |  43.5 |     101 |      14 |  12.2
            +---------+---------+-------+---------+---------+-------
        D:1 |      41 |       0 |   0.0 |      26 |       0 |   0.0
        D:2 |      85 |       5 |   5.6 |      21 |       3 |  12.5
        D:3 |     108 |       0 |   0.0 |      18 |       0 |   0.0
        D:4 |     317 |     629 |  66.5 |      15 |       1 |   6.2
        D:5 |     472 |     265 |  36.0 |      12 |       5 |  29.4
        D:6 |     416 |     207 |  33.2 |       9 |       5 |  35.7
            +---------+---------+-------+---------+---------+-------
